 Dungeon Crawl Stone Soup version 0.29.1-1-gd02db6906a (webtiles) character file.

Game seed: 15232379348501483548

105 Sabo the Gusty (level 4, 0/24 HPs)
             Began as an Octopode Air Elementalist on Oct 1, 2022.
             Was a Follower of Hepliaklqana.
             Slain by an orc wizard
             ... wielding a +0 dagger
              (4 damage)
             ... on level 3 of the Dungeon.
             The game lasted 00:19:56 (3463 turns).

Sabo the Gusty (Octopode Air Elementalist)          Turns: 3463, Time: 00:19:57

Health: 0/24       AC:  1    Str:  7    XL:     4   Next: 81%
Magic:  8/8        EV: 13    Int: 19    God:    Hepliaklqana [*.....]
Gold:   200        SH:  0    Dex: 12    Spells: 8/9 levels left

rFire   . . .      SeeInvis .   i - +0 short sword
rCold   + + .      Faith    .   (no shield)
rNeg    . . .      Spirit   .   (helmet restricted)
rPois   .          Reflect  .   (no amulet)
rElec   .          Harm     .   n - ring of protection from cold
rCorr   .          Rampage  .   o - ring of protection from cold
Will    .....                   (no ring)
Stlth   ++........              (no ring)
HPRegen 0.08/turn               (no ring)
MPRegen 0.11/turn               (no ring)
                                (no ring)
                                (no ring)

@: confused
A: reduced essence, almost no armour, amphibious, 8 rings, camouflage 1,
gelatinous body 1, (nimble swimmer 1), tentacles
a: Renounce Religion, Recall Ancestor, Ancestor Identity


You were on level 3 of the Dungeon.
You worshipped Hepliaklqana.
Hepliaklqana was aware of your devotion.
You visited 1 branch of the dungeon, and saw 3 of its levels.

You collected 200 gold pieces.

Inventory:

Hand Weapons
 i - a +0 short sword (weapon)
Jewellery
 n - a ring of protection from cold (left tentacle)
 o - a ring of protection from cold (right tentacle)
Wands
 q - a wand of flame (14)
Scrolls
 b - a scroll of magic mapping {unknown}
 c - a scroll of amnesia {unknown}
 f - a scroll of enchant weapon {unknown}
 g - a scroll of vulnerability {unknown}
 j - a scroll of teleportation
 l - a scroll of identify {unknown}
 m - a scroll of brand weapon {unknown}
 t - a scroll of butterflies {unknown}
Potions
 a - a potion of magic
 d - a potion of heal wounds {unknown}
 e - 2 potions of attraction {unknown}
 h - a potion of brilliance {unknown}
 k - a potion of lignification {unknown}
 p - a potion of flight {unknown}
 r - a potion of mutation {unknown}
 s - a potion of degeneration {unknown}


   Skills:
 + Level 0.1 Fighting
 + Level 2.2 Dodging
 + Level 2.8 Stealth
 + Level 0.5 Unarmed Combat
 + Level 3.0 Spellcasting
 + Level 2.0 Conjurations
 + Level 3.9 Air Magic


You had 8 spell levels left.
You knew the following spells:

 Your Spells              Type           Power      Damage    Failure   Level
a - Shock                 Conj/Air       56%        1d6       4%          1

Your spell library contained the following spells:

 Spells                   Type           Power      Damage    Failure   Level
 Static Discharge         Conj/Air       14%        3-5/arc   7%          2
 Swiftness                Air            17%        N/A       9%          3
 Airstrike                Air            8%         2d(2-18)  30%         4
 Summon Lightning Spire   Summ/Air       10%        N/A       54%         4
 Lightning Bolt           Conj/Air       7%         1d19      77%         5
 Dispersal                Tloc           1%         N/A       100%        6
 Disjunction              Tloc           1%         N/A       100%        8


Dungeon Overview and Level Annotations

Branches:
Dungeon (3/15)

Altars:
Hepliaklqana


Innate Abilities, Weirdness & Mutations

Your life essence is reduced to manifest your ancestor. (-10% HP)
You cannot wear most types of armour.
You are amphibious.
You can wear up to eight rings at the same time.
Your skin changes colour to match your surroundings (Stealth+).
Your rubbery body absorbs attacks. (AC +1, EV +1)
((You are camouflaged when in or above water. (Stealth+)))
You have tentacles for arms and can constrict up to eight enemies at once.


Message History

Kheti hits the orc but does no damage.
You hit the orc wizard but do no damage.
Your grab misses the orc wizard.
The orc wizard is moderately wounded.
Kheti hits the orc but does no damage.
The orc barely misses Kheti.
The orc hits Kheti with a +0 short sword.
You hit the orc wizard but do no damage.
Your grab misses the orc wizard.
The orc wizard is moderately wounded.
Kheti hits the orc.
The orc wizard casts a spell.
The orc wizard flickers and vanishes!
Deactivating autopickup; reactivate with Ctrl-A.
The orc closely misses Kheti.
The orc hits Kheti with a +0 short sword.
You miss something. Your squeeze misses something.
Kheti hits the orc but does no damage.
You hear some strange, mumbled words.
A puff of flame appears from out of thin air!
The puff of flame hits you!
The orc hits Kheti with a +0 dagger.
The orc hits Kheti with a +0 short sword.
You closely miss something. Your squeeze misses something.
Kheti closely misses the orc.
Something hits you.
The orc hits Kheti with a +0 dagger.
The orc hits Kheti with a +0 short sword.
You barely miss something. Your squeeze misses something.
Kheti hits the orc but does no damage.
Something hits you.
* * * LOW HITPOINT WARNING * * *
The orc completely misses Kheti.
The orc hits Kheti with a +0 short sword.
You hit something but do no damage.
Kheti hits the orc.
You hear some strange, mumbled words.
You are confused.
The orc hits Kheti with a +0 dagger.
Kheti is destroyed!
Something hits you.
* * * LOW HITPOINT WARNING * * *
You're too confused to cast spells.
Something hits you.
You die...

#.#.... #.[..#
#...#.. #...#.#
###.##. #..##.#
###. #######.#
#[..##..#..##.#
...#..o#...#.#
#...o ##....##
#...#####....#
#.ooo.@....#.#
#..##.....##.......
# ##...##########
#....## ####.# #.#
#+#


You could see 3 orcs.

Vanquished Creatures
  Jessica (D:2)
  3 adders (D:2)
  A worm (D:3)
  A ball python (D:1)
  3 endoplasms
  4 giant cockroaches
  4 goblins
  4 hobgoblins (D:1)
  2 quokkas (D:1)
  5 bats
  9 frilled lizards (D:1)
  4 kobolds
  3 rats
  2 toadstools (D:3)
46 creatures vanquished.

Vanquished Creatures (collateral kills)
  A worm (D:2)
  A dart slug (D:3)
2 creatures vanquished.

Vanquished Creatures (others)
  An ancestor (D:3)
  4 fungi (D:3)
  11 plants (D:1)
  4 toadstools (D:3)
20 creatures vanquished.

Grand Total: 68 creatures vanquished

Notes
Turn   | Place    | Note
-------+----------+-------------------------------------------
     0 | D:1      | Sabo the Octopode Air Elementalist began the quest for the
                  | Orb.
     0 | D:1      | Reached XP level 1. HP: 11/11 MP: 3/3
   295 | D:1      | Reached XP level 2. HP: 5/17 MP: 5/5
  1227 | D:1      | Reached XP level 3. HP: 21/21 MP: 0/6
  1415 | D:2      | Noticed Jessica
  1821 | D:2      | Found a faded altar of an unknown god.
  1860 | D:2      | Prayed at the altar of an unknown god.
  1860 | D:2      | Became a worshipper of Hepliaklqana the Forgotten
  1860 | D:2      | Reached * piety under Hepliaklqana
  1927 | D:2      | Reached XP level 4. HP: 2/24 MP: 6/8
  1927 | D:2      | HP: 1/24 [poisoned by an adder]
  2394 | D:2      | HP: 1/24 [Jessica/+0 club (7)]
  2395 | D:2      | Killed Jessica
  3463 | D:3      | Slain by an orc wizard

Illustrated notes

Levels and vault maps discovered:
D:1:      dpeg_arrival_snail, layout_loops_ring, serial_bayou_pond_d,
          minmay_lizard_king
D:2:      layout_rooms, shapermc_ecumenical_altar_notcrosses, uniq_jessica
D:3:      minmay_wonky_spiral, layout_loops_corners,
          nicolae_wu_jian_wuxing_cycle, serial_shops, shop, roderic_malta_cross,
          palyth_stone_intersect, solitary_fountain, minmay_gold_behind_fungi,
          grunt_ministairs_1, uniq_terence

Skill      XL: |  1  2  3  4 |
---------------+-------------+-----
Spellcasting   | 3 |  3.0
Conjurations   | 2 |  2.0
Fighting       | |  0.1
Dodging        | |  2.2
Stealth        | |  2.8
Unarmed Combat | |  0.5
Air Magic      | |  3.9

Action                   |  1- 3 |  4- 6 || total
-------------------------+-------+-------++-------
Melee: Unarmed           |    12 |       ||    12
       Tentacles         |     7 |     7 ||    14
       Constrict         |     5 |     8 ||    13
       Short sword       |    15 |    35 ||    50
       Punch             |     1 |     1 ||     2
 Cast: Shock             |    49 |    25 ||    74
  Use: Scroll            |     1 |     1 ||     2
 Stab: Sleeping          |     1 |       ||     1
Armor: Skin              |     2 |       ||     2
Dodge: Dodged            |    13 |     3 ||    16
